 Dungeon Sprint DCSS version 0.17-a0-1701-gf693a3f (webtiles) character file.

11700000 ztt the Axe Maniac (level 27, -92/273 HPs)
             Began as a Minotaur Gladiator on Aug 21, 2015.
             Was the Champion of Makhleb.
             Killed from afar by an observer (97 damage)
             ... with a fireball
             ... in the Dungeon (Sprint VIII: "Arena of Blood").
             The game lasted 00:05:14 (117 turns).

ztt the Axe Maniac (Minotaur Gladiator)              Turns: 117, Time: 00:05:14

Health: -92/273    AC:  6    Str: 31    XL:     27
Magic:  37/53      EV: 28    Int:  5    God:    Makhleb [******]
Gold:   0          SH:  0    Dex: 13    Spells: 0 memorised, 80 levels left

rFire  . . .     SeeInvis .     l - +∞ Axe of Woe
rCold  . . .     Clarity  .     b - +0 leather armour
rNeg   . . .     SustAt   .     (no shield)
rPois  .         Gourm    .     c - +0 hat
rElec  .         Spirit   .     (no cloak)
rCorr  .         Warding  .     (no gloves)
rMut   .         NoTele   +     (no boots)
MR     ++...                    (no amulet)
Stlth  ++++++++..               q - +130 ring of slaying
                                g - +30 ring of slaying

@: lethally poisoned (-92 -> -93), very resistant to hostile enchantments,
extraordinarily stealthy
A: retaliatory headbutt, horns 2
a: Minor Destruction, Lesser Servant of Makhleb, Major Destruction, Greater
Servant of Makhleb, Renounce Religion


You were in the Dungeon.
You worshipped Makhleb.
Makhleb was exalted by your worship.
You were not hungry.

You visited 1 branch

Inventory:

Hand weapons
 a - a +0 war axe
 l - the +∞ Axe of Woe (weapon)
   (You found it in the Dungeon)
 p - a +9 war axe
Missiles
 d - 3 throwing nets (quivered)
Armour
 b - a +0 leather armour (worn)
 c - a +0 hat (worn)
Jewellery
 g - a +30 ring of slaying (left hand)
 m - a +30 ring of slaying
 n - a +30 ring of slaying
 o - a +30 ring of slaying
 q - a +130 ring of slaying (right hand)
Scrolls
 k - a scroll of blinking
Potions
 h - a potion of haste
 i - 2 potions of magic
 j - a potion of berserk rage
Comestibles
 e - a bread ration


   Skills:
 O Level 27 Fighting
 O Level 27 Axes
 O Level 27 Throwing
 O Level 27 Armour
 O Level 27 Dodging
 O Level 27 Stealth
 O Level 27 Unarmed Combat
 O Level 27 Spellcasting
 O Level 27 Invocations


You had 80 spell levels left.
You didn't know any spells.

Dungeon Overview and Level Annotations

Branches:
Dungeon (1/1)

Altars:
Makhleb


Innate Abilities, Weirdness & Mutations

You reflexively headbutt those who attack you in melee.
You have a pair of horns on your head.


Message History

Deactivating autopickup; reactivate with Ctrl-A.
The bolt of fire misses you.
You hear a shout! x2
Items here: ))))))) ===== Unknown command.
Unknown command.
Drink which item? (? for menu, Esc to quit)
You feel better.
You are engulfed in poison gas.
You are poisoned.
* * * LOW HITPOINT WARNING * * *
You feel sick.
You hear a shout! x2
The dread calls on the powers of darkness!
Your body is wracked with pain!
* * * LOW HITPOINT WARNING * * *
The bag of meat convulses!
The scourge convulses!
You feel something staring at you.
A fireball appears from out of thin air!
The fireball explodes!
The fireball engulfs you!
You die...

............. ....
........X.XM ....
......X.... .....
....X.OSX. .....
#X..DX..# ..#...
#L†.X...#
......###§§§o...###..
......§§§§L###.......
...#..))So§@_)..%....
#.....)§#)W§).#%....
.......))#_.<._# ...
.#.......#....%# .
...#...W...._.....
..........%###......
......###... ..###.
..... #.%. ..# .....
#... ..#


You could see 2 tyrants, a scourge, a large abomination, a dread and a bag of
meat.

Vanquished Creatures
  10 hell beasts (D)
  8 greater mummies (D)
  2 wraiths (D)
  Harold (D)
  18 vampire knights (D)
  26 ogres (D)
  5 liches (D)
  3 hydras (D)
  57 orcs (D)
  4 phantoms (D)
  7 hill giants (D)
  3 skeletal warriors (D)
  A large abomination (D)
  7 small abominations (D)
  3 crawling corpses (D)
155 creatures vanquished.

Notes
Turn   | Place    | Note
--------------------------------------------------------------
     0 | D        | ztt the Minotaur Gladiator began the quest for the Orb.
     0 | D        | Reached XP level 1. HP: 18/18 MP: 0/0
     3 | D        | Noticed a bag of meat
     4 | D        | Noticed a meat berserker
     4 | D        | Became a worshipper of Makhleb the Destroyer
     5 | D        | Noticed a bag of meat
     7 | D        | Noticed a bag of meat
     7 | D        | Killed a meat berserker
     7 | D        | Reached skill level 13 in Fighting
     7 | D        | Reached skill level 23 in Axes
     7 | D        | Reached XP level 2. HP: 21/45 MP: 1/1
     7 | D        | Reached XP level 3. HP: 23/51 MP: 2/2
     7 | D        | Reached XP level 4. HP: 26/59 MP: 3/3
     7 | D        | Reached XP level 5. HP: 29/66 MP: 4/4
     7 | D        | Reached XP level 6. HP: 32/73 MP: 5/5
     7 | D        | Reached XP level 7. HP: 35/80 MP: 6/6
     7 | D        | Reached XP level 8. HP: 38/88 MP: 7/7
     7 | D        | Reached XP level 9. HP: 40/94 MP: 8/8
     7 | D        | Reached XP level 10. HP: 43/102 MP: 9/9
     7 | D        | Reached XP level 11. HP: 45/108 MP: 10/10
     7 | D        | Reached XP level 12. HP: 48/116 MP: 11/11
     7 | D        | Reached XP level 13. HP: 50/123 MP: 12/12
     8 | D        | Noticed a bag of meat
     9 | D        | Noticed a bag of meat
     9 | D        | Noticed a bag of meat
     9 | D        | Killed a bag of meat
     9 | D        | Acquired Makhleb's first power
     9 | D        | Reached skill level 15 in Fighting
     9 | D        | Reached skill level 25 in Axes
     9 | D        | Killed a bag of meat
     9 | D        | Reached skill level 26 in Axes
     9 | D        | Reached XP level 14. HP: 75/136 MP: 13/13
    10 | D        | Killed a bag of meat
    10 | D        | Acquired Makhleb's second power
    10 | D        | Reached skill level 27 in Axes
    10 | D        | Killed a bag of meat
    10 | D        | Reached skill level 27 in Dodging
    10 | D        | Reached XP level 15. HP: 121/155 MP: 14/14
    13 | D        | Killed a bag of meat
    13 | D        | Acquired Makhleb's third power
    18 | D        | Noticed a meat berserker
    20 | D        | Noticed a meat berserker
    20 | D        | Noticed a bag of meat
    21 | D        | Noticed a meat berserker
    21 | D        | Killed a meat berserker
    21 | D        | Reached XP level 16. HP: 170/182 MP: 15/15
    22 | D        | Noticed a bag of meat
    22 | D        | Killed a meat berserker
    22 | D        | Reached skill level 27 in Fighting
    22 | D        | Reached skill level 27 in Throwing
    24 | D        | Noticed a large bag of meat
    25 | D        | Killed a meat berserker
    25 | D        | Acquired Makhleb's fourth power
    25 | D        | Reached skill level 10 in Unarmed Combat
    25 | D        | Reached XP level 17. HP: 191/191 MP: 15/26
    26 | D        | Killed a bag of meat
    26 | D        | Reached skill level 10 in Stealth
    27 | D        | Killed a bag of meat
    27 | D        | Acquired Makhleb's fifth power
    27 | D        | Reached skill level 15 in Armour
    28 | D        | Noticed a bag of meat
    28 | D        | Noticed a meat berserker
    29 | D        | Noticed a bag of meat
    29 | D        | Noticed a large bag of meat
    29 | D        | Killed a large bag of meat
    29 | D        | Reached skill level 15 in Unarmed Combat
    29 | D        | Reached skill level 10 in Spellcasting
    29 | D        | Reached XP level 18. HP: 200/200 MP: 15/31
    30 | D        | Noticed a bag of meat
    30 | D        | Noticed a meat berserker
    31 | D        | Noticed an eight-headed meat hydra
    31 | D        | Noticed a bag of meat
    32 | D        | Noticed a bag of meat
    32 | D        | Noticed a meat berserker
    32 | D        | Killed a meat berserker
    32 | D        | Reached skill level 15 in Stealth
    33 | D        | Noticed a meat berserker
    34 | D        | Noticed a bag of meat
    34 | D        | Killed a meat berserker
    34 | D        | Killed a meat berserker
    34 | D        | Reached XP level 19. HP: 207/207 MP: 16/36
    35 | D        | Noticed a bag of meat
    36 | D        | Noticed a sculptor of flesh
    36 | D        | Killed a bag of meat
    36 | D        | Reached skill level 15 in Spellcasting
    36 | D        | Killed a bag of meat
    37 | D        | Killed a bag of meat
    38 | D        | Killed a large bag of meat
    38 | D        | Reached XP level 20. HP: 216/216 MP: 17/39
    38 | D        | Killed a sculptor of flesh
    39 | D        | Killed a meat berserker
    39 | D        | Reached skill level 27 in Armour
    40 | D        | Noticed a destroyer
    40 | D        | Noticed a large bag of meat
    40 | D        | Noticed a bag of meat
    40 | D        | Noticed a bag of meat
    40 | D        | Noticed a bag of meat
    40 | D        | Noticed a destroyer
    40 | D        | Noticed a destroyer
    41 | D        | Noticed a meat berserker
    41 | D        | Killed a bag of meat
    41 | D        | Killed a bag of meat
    41 | D        | Reached skill level 27 in Unarmed Combat
    42 | D        | Noticed a bag of meat
    42 | D        | Noticed a bag of meat
    42 | D        | Noticed a bag of meat
    42 | D        | Noticed a bag of meat
    42 | D        | Noticed a bag of meat
    42 | D        | Noticed a meat berserker
    42 | D        | Noticed a meat berserker
    42 | D        | Noticed a large bag of meat
    42 | D        | Noticed a bag of meat
    42 | D        | Noticed a bag of meat
    42 | D        | Noticed a bag of meat
    42 | D        | Noticed a large bag of meat
    42 | D        | Noticed a large bag of meat
    42 | D        | Noticed a destroyer
    42 | D        | Noticed a destroyer
    43 | D        | Noticed a bag of meat
    43 | D        | Noticed a bag of meat
    43 | D        | Noticed a bag of meat
    43 | D        | Noticed a meat berserker
    43 | D        | Noticed The Servant
    43 | D        | Killed a destroyer
    43 | D        | Reached skill level 27 in Stealth
    43 | D        | Reached XP level 21. HP: 161/224 MP: 18/43
    43 | D        | Killed a destroyer
    43 | D        | Reached skill level 27 in Invocations
    43 | D        | Noticed a destroyer
    44 | D        | Noticed a meat berserker
    44 | D        | Killed a bag of meat
    44 | D        | Killed a destroyer
    44 | D        | Reached skill level 27 in Spellcasting
    44 | D        | Reached XP level 22. HP: 233/233 MP: 18/52
    45 | D        | Noticed a bag of meat
    45 | D        | Noticed a bag of meat
    45 | D        | Noticed a sculptor of flesh
    45 | D        | Killed a meat berserker
    45 | D        | Killed a large bag of meat
    46 | D        | Noticed a bag of meat
    46 | D        | Noticed a meat berserker
    46 | D        | Noticed an accursed
    46 | D        | Killed a destroyer
    46 | D        | Reached XP level 23. HP: 240/240 MP: 19/53
    46 | D        | Killed a bag of meat
    46 | D        | Killed a bag of meat
    47 | D        | Noticed a destroyer
    47 | D        | Noticed a destroyer
    47 | D        | Killed a destroyer
    47 | D        | Killed a nine-headed meat hydra
    48 | D        | Killed a bag of meat
    48 | D        | Killed a bag of meat
    48 | D        | Reached XP level 24. HP: 249/249 MP: 19/53
    48 | D        | Killed a meat berserker
    48 | D        | Killed a meat berserker
    49 | D        | Noticed a destroyer
    49 | D        | Noticed an accursed
    49 | D        | Killed a destroyer
    49 | D        | Killed a destroyer
    49 | D        | Reached XP level 25. HP: 257/257 MP: 19/53
    50 | D        | Noticed a bag of meat
    50 | D        | Noticed a bag of meat
    50 | D        | Noticed a sculptor of flesh
    50 | D        | Killed a meat berserker
    50 | D        | Killed a large bag of meat
    51 | D        | Killed a bag of meat
    51 | D        | Killed a large bag of meat
    52 | D        | Noticed a bag of meat
    52 | D        | Noticed an accursed
    52 | D        | Killed a meat berserker
    53 | D        | Noticed a bag of meat
    53 | D        | Noticed a meat berserker
    53 | D        | Killed a bag of meat
    53 | D        | Killed a meat berserker
    53 | D        | Reached XP level 26. HP: 266/266 MP: 20/53
    54 | D        | Killed a bag of meat
    54 | D        | Killed a bag of meat
    56 | D        | Noticed a bag of meat
    56 | D        | Noticed a destroyer
    56 | D        | Killed a bag of meat
    56 | D        | Killed an accursed
    56 | D        | Killed a bag of meat
    56 | D        | Reached XP level 27. HP: 273/273 MP: 21/53
    56 | D        | Killed a large bag of meat
    57 | D        | Noticed a meat berserker
    57 | D        | Noticed a destroyer
    57 | D        | Noticed a destroyer
    57 | D        | Killed a meat berserker
    57 | D        | Killed an accursed
    57 | D        | Killed a destroyer
    58 | D        | Noticed a bag of meat
    58 | D        | Killed a bag of meat
    58 | D        | Killed a sculptor of flesh
    59 | D        | Noticed a meat berserker
    59 | D        | Killed a bag of meat
    59 | D        | Killed a bag of meat
    59 | D        | Killed a destroyer
    60 | D        | Noticed a bag of meat
    60 | D        | Noticed a tyrant
    60 | D        | Noticed a large bag of meat
    60 | D        | Noticed a destroyer
    60 | D        | Killed a bag of meat
    60 | D        | Killed a destroyer
    61 | D        | Noticed a bag of meat
    61 | D        | Noticed a destroyer
    61 | D        | Killed a bag of meat
    61 | D        | Killed a sculptor of flesh
    62 | D        | Noticed a tyrant
    62 | D        | Killed a bag of meat
    63 | D        | Noticed a bag of meat
    63 | D        | Killed a destroyer
    63 | D        | Killed a bag of meat
    64 | D        | Noticed a dread
    64 | D        | Noticed a destroyer
    64 | D        | Killed a meat berserker
    64 | D        | Killed a bag of meat
    65 | D        | Killed a bag of meat
    66 | D        | Noticed a meat beast
    66 | D        | Noticed a bag of meat
    66 | D        | Killed a destroyer
    67 | D        | Noticed a destroyer
    67 | D        | Killed a meat berserker
    67 | D        | Killed a bag of meat
    67 | D        | Killed an accursed
    67 | D        | Killed a bag of meat
    68 | D        | Noticed a meat berserker
    68 | D        | Killed a destroyer
    68 | D        | Killed a bag of meat
    68 | D        | Killed a destroyer
    69 | D        | Killed a tyrant
    69 | D        | Killed a bag of meat
    69 | D        | Killed a large bag of meat
    70 | D        | Noticed a bag of meat
    70 | D        | Noticed a meat beast
    70 | D        | Noticed a bag of meat
    70 | D        | Noticed a meat beast
    70 | D        | Noticed a destroyer
    70 | D        | Killed a meat beast
    70 | D        | Killed a bag of meat
    71 | D        | Noticed a meat beast
    71 | D        | Noticed a bag of meat
    71 | D        | Noticed a bag of meat
    71 | D        | Noticed a bag of meat
    72 | D        | Noticed a bag of meat
    72 | D        | Noticed a bag of meat
    72 | D        | Noticed a bag of meat
    72 | D        | Killed a meat beast
    72 | D        | Killed a destroyer
    73 | D        | Noticed a meat berserker
    74 | D        | Noticed a meat beast
    74 | D        | Killed a bag of meat
    74 | D        | Killed a meat beast
    75 | D        | Killed a meat beast
    75 | D        | Killed a destroyer
    75 | D        | Killed a bag of meat
    76 | D        | Killed a destroyer
    76 | D        | Killed a meat berserker
    76 | D        | Killed a bag of meat
    76 | D        | Killed a bag of meat
    77 | D        | Killed a tyrant
    77 | D        | Killed a bag of meat
    78 | D        | Noticed a meat berserker
    79 | D        | Noticed a meat beast
    79 | D        | Killed The Servant
    79 | D        | Killed a bag of meat
    79 | D        | Killed a bag of meat
    79 | D        | Killed a meat beast
    79 | D        | Killed a dread
    80 | D        | Noticed a bag of meat
    80 | D        | Killed a wretched soul
    81 | D        | Noticed a meat berserker
    81 | D        | Killed a meat berserker
    82 | D        | Killed a bag of meat
    83 | D        | Killed a meat berserker
    83 | D        | Killed a bag of meat
    83 | D        | Killed a meat berserker
    84 | D        | Noticed a bag of meat
    84 | D        | Noticed a bag of meat
    84 | D        | Noticed an accursed
    84 | D        | Noticed a tyrant
    85 | D        | Noticed a destroyer
    85 | D        | Killed a meat beast
    86 | D        | Killed a bag of meat
    87 | D        | Noticed a meat beast
    87 | D        | Noticed a meat beast
    88 | D        | Noticed a meat beast
    88 | D        | Noticed a dread
    88 | D        | Noticed a meat beast
    88 | D        | Killed a meat beast
    88 | D        | Killed a bag of meat
    89 | D        | Noticed a meat berserker
    89 | D        | Noticed a meat berserker
    89 | D        | Killed a bag of meat
    89 | D        | Killed a wretched soul
    90 | D        | Noticed a meat berserker
    91 | D        | Noticed a tyrant
    91 | D        | Noticed a bag of meat
    91 | D        | Killed a bag of meat
    92 | D        | Noticed a bag of meat
    92 | D        | Killed a meat beast
    92 | D        | Killed a meat beast
    93 | D        | Noticed a meat berserker
    93 | D        | Noticed a bag of meat
    94 | D        | Noticed a tyrant
    95 | D        | Noticed an accursed
    95 | D        | Killed a bag of meat
    95 | D        | Killed a meat berserker
    95 | D        | Killed a destroyer
    98 | D        | Noticed an accursed
    98 | D        | Killed a bag of meat
    98 | D        | Killed a meat berserker
    99 | D        | Killed a bag of meat
    99 | D        | Killed a dread
   100 | D        | Noticed an accursed
   100 | D        | Killed a meat beast
   100 | D        | Killed a tyrant
   100 | D        | Killed a meat berserker
   102 | D        | Killed a meat berserker
   102 | D        | Killed an accursed
   102 | D        | Killed an accursed
   103 | D        | Killed a bag of meat
   103 | D        | Killed an accursed
   104 | D        | Noticed an accursed
   105 | D        | Noticed a bag of meat
   105 | D        | Noticed a bag of meat
   105 | D        | Killed a bag of meat
   105 | D        | Killed a tyrant
   107 | D        | Noticed a meat berserker
   107 | D        | Noticed a tyrant
   107 | D        | Killed a tyrant
   107 | D        | Killed a wretched soul
   109 | D        | Noticed a tyrant
   109 | D        | Killed an accursed
   111 | D        | Noticed a bag of meat
   111 | D        | Noticed a bag of meat
   111 | D        | Noticed a bag of meat
   111 | D        | Noticed a dread
   111 | D        | Noticed a dread
   111 | D        | HP: 11/273 [??? (9)]
   112 | D        | Killed a meat berserker
   113 | D        | Killed a bag of meat
   113 | D        | Killed a wretched soul
   114 | D        | Noticed a meat berserker
   115 | D        | Killed an accursed
   115 | D        | Killed a bag of meat
   116 | D        | Noticed an accursed
   116 | D        | HP: 9/273 [??? (6)]
   117 | D        | Killed from afar by an observer

Vault maps used:
D:        meatsprint

Action                   |  1- 3 |  4- 6 |  7- 9 | 10-12 | 13-15 | 16-18 | 19-21 | 22-24 | 25-27 || total
-------------------------+-------+-------+-------+-------+-------+-------+-------+-------+-------++-------
Melee: Executioner's axe |     1 |       |       |       |     4 |     7 |     7 |     5 |    53 ||    77
  Use: Potion            |       |       |       |       |     1 |       |       |       |     1 ||     2
